 Dungeon Crawl Stone Soup version 0.16.1 (webtiles) character file.

21835 Fiveotanaka the Bludgeoner (level 12, -20/97 HPs)
             Began as a Minotaur Assassin on Mar 23, 2015.
             Was a High Priest of Ru.
             Demolished by chequers' ghost (23 damage)
             ... on level 6 of the Lair of Beasts on Mar 24, 2015.
             The game lasted 00:52:56 (16648 turns).

Fiveotanaka the Bludgeoner (Minotaur Assassin)     Turns: 16648, Time: 00:52:56

Health: -20/97     AC: 18    Str: 21    XL:     12   Next: 57%
Magic:  0/4        EV: 19    Int:  6    God:    Ru [*****.]
Gold:   575        SH:  0    Dex: 19    Spells: 0 memorised, 11 levels left

rFire  . . .     SeeInvis .     U - +1 morningstar (freeze)
rCold  . . .     Clarity  .     z - +5 ring mail of Courage {Int+3}
rNeg   + . .     SustAb   .     (no shield)
rPois  +         Gourm    .     (helmet restricted)
rElec  +         Spirit   +     d - +0 cloak
rCorr  .         Warding  .     c - +1 pair of gloves {Str+3}
rMut   .         Stasis   .     X - +0 pair of boots
MR     +....                    C - amulet of Coronation {Spirit rPois Stlth+}
Stlth  ..........               D - ring "Griruore" {rElec rN+ MR+ Int-5}
                                y - +4 ring of dexterity

@: somewhat resistant to hostile enchantments, extremely unstealthy
A: retaliatory headbutt, horns 2, low mp 1, screaming 1, no stealth, inability
to use devices, disrupted magic 1
a: Draw Out Power, Power Leap, Apocalypse, Renounce Religion


You were on level 6 of the Lair of Beasts.
You worshipped Ru.
Ru was extremely pleased with you.
You were not hungry.

You visited 3 branches of the dungeon, and saw 17 of its levels.
You also visited: Ossuary.

You collected 822 gold pieces.
You spent 247 gold pieces at shops.

Inventory:

Hand weapons
 U - a +1 morningstar of freezing (weapon)
Missiles
 e - 86 poisoned needles
 f - 10 curare-tipped needles
 V - 3 throwing nets (quivered)
Armour
 c - a +1 pair of gloves of strength (worn)
 d - a +0 cloak (worn)
 r - a +0 chain mail
 z - the +5 ring mail of Courage (worn) {Int+3}
   (You found it on level 7 of the Dungeon)

   It affects your intelligence (+3).
 X - a +0 pair of boots (worn)
Jewellery
 i - a +3 ring of strength
 l - an uncursed ring of protection from fire
 y - a +4 ring of dexterity (left hand)
 C - the amulet of Coronation (around neck) {Spirit rPois Stlth+}
   (You found it on level 8 of the Dungeon)

   [amulet of guardian spirit]

   It causes incoming damage to be split between your health and magic.
   It protects you from poison.
   It makes you more stealthy.
 D - the ring "Griruore" (right hand) {rElec rN+ MR+ Int-5}
   (You found it on level 6 of the Dungeon)

   [ring of protection from magic]

   It affects your intelligence (-5).
   It insulates you from electricity.
   It protects you from negative energy.
   It affects your resistance to hostile enchantments.
 T - an uncursed ring of protection from cold
 Z - an uncursed amulet of warding
Scrolls
 a - a scroll of amnesia
 h - 4 scrolls of identify
 m - 2 scrolls of fog
 p - 9 scrolls of remove curse
 t - a scroll of magic mapping {unknown}
 v - 3 scrolls of enchant armour
 w - 6 scrolls of teleportation
 E - 2 scrolls of recharging {unknown}
 H - 2 scrolls of brand weapon
 J - 4 scrolls of fear {unknown}
 R - 2 scrolls of enchant weapon {unknown}
 W - a scroll of silence {unknown}
Potions
 k - 4 potions of haste
 n - 3 potions of resistance {unknown}
 o - 2 potions of ambrosia {unknown}
 s - 9 potions of curing
 x - a potion of invisibility
 A - 2 potions of flight {unknown}
 F - 3 potions of brilliance {unknown}
 G - 2 potions of cancellation {unknown}
 I - 4 potions of restore abilities {unknown}
 M - 3 potions of might
 N - a potion of berserk rage {unknown}
 O - a potion of magic {unknown}
Books
 B - a book of Ice

   Spells                             Type                      Level
   a - Ice Form                       Ice/Transmutation            4
   b - Metabolic Englaciation         Hexes/Ice                    5
   c - Ozocubu's Refrigeration        Ice                          6
   d - Bolt of Cold                   Conjuration/Ice              6
   e - Freezing Cloud                 Conjuration/Ice/Air          6
   f - Simulacrum                     Ice/Necromancy               6
 K - a book of Fire

   Spells                             Type                      Level
   a - Ignite Poison                  Fire/Transmutation           5
   b - Fireball                       Conjuration/Fire             5
   c - Bolt of Fire                   Conjuration/Fire             6
   d - Delayed Fireball               Conjuration/Fire             7
   e - Ring of Flames                 Charms/Fire                  7
 L - a book of Envenomations

   Spells                             Type                      Level
   a - Spider Form                    Transmutation/Poison         3
   b - Alistair's Intoxication        Transmutation/Poison         4
   c - Olgreb's Toxic Radiance        Poison                       4
   d - Poisonous Cloud                Conjuration/Poison/Air       6
 Q - a book of Maledictions

   Spells                             Type                      Level
   a - Corona                         Hexes                        1
   b - Sure Blade                     Hexes/Charms                 2
   c - Ensorcelled Hibernation        Hexes/Ice                    2
   d - Confuse                        Hexes                        3
   e - Dazzling Spray                 Conjuration/Hexes            3
   f - Enslavement                    Hexes                        4
 S - a book of the Sky

   Spells                             Type                      Level
   a - Flight                         Charms/Air                   3
   b - Airstrike                      Air                          4
   c - Silence                        Hexes/Air                    5
   d - Deflect Missiles               Charms/Air                   6
   e - Conjure Ball Lightning         Conjuration/Air              6
   f - Tornado                        Air                          9
Comestibles
 b - a slice of pizza
 g - 9 bread rations
 j - 5 meat rations
 u - 3 royal jellies
 P - 2 beef jerkies
 Y - 4 chunks of flesh


   Skills:
 + Level 6.8 Fighting
   Level 2.1 Short Blades
 * Level 16.9 Maces & Flails
 - Level 2.0 Throwing
 + Level 11.6 Armour
 + Level 10.6 Dodging


You had 11 spell levels left.
You didn't know any spells.

Dungeon Overview and Level Annotations

Branches:
Dungeon (11/15)            Temple (1/1) D:5            Lair (6/8) D:10
  Swamp (0/5) Lair:3          Orc (0/4) D:11
  Snake: Lair:3-6    Spider: Lair:3-6     Slime: Lair:6-8

Altars:
Ashenzari
Cheibriados
Dithmenos
Elyvilon
Fedhas
Gozag
Kikubaaqudgha
Makhleb
Nemelex Xobeh
Okawaru
Qazlal
Ru
Sif Muna
Trog
Vehumet
Xom
Yredelemnul
Zin
The Shining One

Shops:
D:5 *}   D:6 ?   D:7 %   D:8 !

Annotations:
Lair:6 chequers' ghost, powerful OgBe


Innate Abilities, Weirdness & Mutations

You reflexively headbutt those who attack you in melee.
You have a pair of horns on your head.
Your magical capacity is low (-10% MP).
You occasionally shout uncontrollably at your foes.
You cannot be stealthy.
You cannot study or use magical devices.
Your casting is slightly disrupted.


Message History

You hit chequers' ghost! You freeze chequers' ghost.
Your headbutt misses chequers' ghost.
Chequers' ghost is severely damaged.
Chequers' ghost hits you!!
* * * LOW HITPOINT WARNING * * *
Drink which item? (? for menu, Esc to quit)
You feel much better. Chequers' ghost hits you.
You closely miss chequers' ghost.
Chequers' ghost is severely damaged.
Chequers' ghost completely misses you.
You closely miss chequers' ghost.
Chequers' ghost is severely damaged.
You closely miss chequers' ghost.
Chequers' ghost is severely damaged.
Chequers' ghost hits you!!
* * * LOW HITPOINT WARNING * * *
You barely miss chequers' ghost. Your headbutt misses chequers' ghost.
Chequers' ghost is severely damaged.
Chequers' ghost hits you!!
You die...

#.....P.# ##/.....
........P### ##...P...
...........## #....P...
........<.#.# ##.......
#............# ###..#.....
...........# ###.#..##....
#..........######......#.....
#.........P#.#.#.........#...
.........##@...........##. .
..........W#..............
........#....#...........#
.........P...#...........
..........###...........
.....##... .#......... .P.#
######......... ## ......


P You could see chequers' ghost.

Vanquished Creatures
  The ghost of edsrzf the Grappler, a powerful NaTm of Cheibriados (Lair:1)
  Harold (Lair:2)
  A hydra (Lair:3)
  The ghost of Fiveotanaka the Grappler, an experienced TrMo (D:10)
  Nergalle (Lair:2)
  Erolcha (D:8)
  3 hill giants
  An ugly thing (D:11)
  2 black mambas
  A centaur skeleton (D:10)
  4 spiny frogs
  A fire drake (Lair:1)
  2 komodo dragons
  A giant leech (Lair:3)
  A troll (D:11)
  3 blink frogs (Lair:2)
  A basilisk (Lair:5)
  The ghost of busb the Insei, an average OpWr (D:4)
  4 wyverns
  2 hippogriffs
  16 yaks
  A deep elf fighter (D:10)
  A swamp worm (Lair:3)
  Edmund (D:6)
  4 water moccasins
  Menkaure (D:7)
  4 ice beasts
  9 wolves
  3 orc warriors
  An eye of draining (D:9)
  2 phantoms (D:10)
  4 porcupines
  A black bear (D:11)
  The ghost of edsrzf the Ruffian, an average NaTm (D:5)
  5 centaurs
  2 sky beasts
  2 ogres
  Duvessa (D:5)
  4 crocodiles
  14 giant frogs
  14 big kobolds (D:8)
  An elf zombie (Ossuary)
  Blork the orc (D:7)
  A water moccasin zombie (D:7)
  A scorpion (D:9)
  2 electric eels (Lair:1)
  6 killer bees
  A wight (D:6)
  Dowan (D:5)
  A jelly (D:9)
  A goliath beetle (D:6)
  7 hounds
  2 crimson imps
  2 quasits
  A human zombie (Ossuary)
  9 orc priests
  11 orc wizards
  8 worker ants
  2 iguanas
  A killer bee zombie (D:11)
  11 sheep (Lair:3)
  2 big kobold zombies (Ossuary)
  Ijyb (D:2)
  3 hound zombies
  A hound skeleton (D:8)
  5 mummies
  Robin (D:3)
  8 river rats
  18 adders
  3 gnolls (D:10)
  3 worms
  3 shadow imps
  2 adder skeletons
  An ooze (D:1)
  27 orcs
  A ball python (D:2)
  A bat skeleton (D:7)
  2 giant cockroaches
  A gnoll zombie (D:10)
  14 goblins
  16 hobgoblins
  2 jackals
  33 kobolds
  6 quokkas
  24 bats
  3 giant geckos
  A giant gecko skeleton (D:6)
  A giant gecko zombie (D:8)
  5 giant newts
  A goblin zombie (Ossuary)
  3 hobgoblin zombies (Ossuary)
  2 orc zombies (Ossuary)
  A quokka zombie (D:8)
  20 rats
  A rat zombie (Ossuary)
  A spectral orc (Lair:2)
  8 ballistomycetes
419 creatures vanquished.

Vanquished Creatures (others)
  A yak (D:10)
  A sheep (Lair:3)
  An orc (D:10)
  A kobold (D:8)
  3 giant spores
  2 rats (D:10)
  2 ballistomycetes (D:11)
  A fungus (D:10)
  2 plants
14 creatures vanquished.

Grand Total: 433 creatures vanquished

Notes
Turn   | Place    | Note
--------------------------------------------------------------
     0 | D:1      | Fiveotanaka, the Minotaur Assassin, began the quest for the Orb.
     0 | D:1      | Reached XP level 1. HP: 18/18 MP: 1/1
   190 | D:1      | Reached skill level 1 in Maces & Flails
   190 | D:1      | Reached XP level 2. HP: 25/25 MP: 1/1
   697 | D:2      | Reached XP level 3. HP: 30/30 MP: 2/2
  2070 | D:3      | Noticed Ijyb
  2107 | D:3      | Reached skill level 4 in Maces & Flails
  2107 | D:3      | Reached XP level 4. HP: 35/37 MP: 2/2
  2133 | D:2      | Killed Ijyb
  2165 | D:3      | Reached skill level 5 in Maces & Flails
  2661 | D:3      | Noticed Robin
  2674 | D:3      | Reached XP level 5. HP: 42/42 MP: 2/2
  2686 | D:3      | Killed Robin
  3190 | D:4      | Reached skill level 6 in Maces & Flails
  3219 | D:4      | Noticed an ice beast
  3229 | D:4      | Noticed busb's ghost (average OpWr)
  3240 | D:4      | Killed an ice beast
  3240 | D:4      | Reached skill level 7 in Maces & Flails
  3240 | D:4      | Reached XP level 6. HP: 30/50 MP: 3/3
  3262 | D:4      | HP: 1/50 [busb's ghost (8)]
  3265 | D:4      | Killed busb's ghost
  3265 | D:4      | Reached skill level 8 in Maces & Flails
  3426 | D:4      | Found a sand-covered staircase.
  3460 | Ossuary  | Entered an ossuary
  3662 | Ossuary  | Reached XP level 7. HP: 25/56 MP: 3/3
  3779 | Ossuary  | Reached skill level 9 in Maces & Flails
  4341 | D:5      | Entered Level 5 of the Dungeon
  4409 | D:5      | Noticed Duvessa
  4410 | D:5      | Noticed Dowan
  4432 | D:5      | Killed Duvessa
  4510 | D:5      | Killed Dowan
  4510 | D:5      | Reached skill level 10 in Maces & Flails
  4616 | D:5      | Noticed edsrzf's ghost (average NaTm)
  4655 | D:5      | Killed edsrzf's ghost
  4854 | D:5      | Found Sapashroe's General Store.
  4958 | D:5      | Found Garchicept's Gadget Emporium.
  4962 | D:5      | Reached XP level 8. HP: 62/62 MP: 3/3
  5014 | D:5      | Found a staircase to the Ecumenical Temple.
  5049 | D:5      | Found a radiant altar of Vehumet.
  5049 | D:5      | Found a burning altar of Makhleb.
  5089 | Temple   | Entered the Ecumenical Temple
  5093 | Temple   | Became a worshipper of Ru the Awakened
  5272 | D:5      | Found a basalt altar of Yredelemnul.
  5316 | D:6      | Reached skill level 11 in Maces & Flails
  5770 | D:6      | Noticed Edmund
  5797 | D:6      | Killed Edmund
  5797 | D:6      | Reached skill level 12 in Maces & Flails
  6388 | D:6      | Got a clouded golden ring
  6411 | D:6      | Identified the ring "Griruore" {rElec rN+ MR+ Int-5} (You found it on level 6 of the Dungeon)
  6434 | D:6      | Gained mutation: You cannot study or use magical devices. [Ru sacrifice]
  6434 | D:6      | Acquired Ru's first power
  6434 | D:6      | Acquired Ru's second power
  6434 | D:6      | Acquired Ru's third power
  6682 | D:6      | Reached skill level 1 in Armour
  6896 | D:6      | Found Amedec's Magic Scroll Shop.
  6903 | D:6      | Bought a scroll of teleportation for 33 gold pieces
  6903 | D:6      | Bought a scroll of identify for 22 gold pieces
  6903 | D:6      | Bought a scroll of amnesia for 38 gold pieces
  6903 | D:6      | Bought a scroll of identify for 22 gold pieces
  6903 | D:6      | Bought a scroll of identify for 22 gold pieces
  6903 | D:6      | Bought a scroll of identify for 22 gold pieces
  6906 | D:6      | Identified 2 scrolls of acquirement
  7305 | D:7      | Noticed Blork the orc
  7315 | D:7      | Killed Blork the orc
  7671 | D:7      | Reached XP level 9. HP: 66/68 MP: 4/4
  7678 | D:7      | Got a pitted ring mail
  7689 | D:7      | Identified the +5 ring mail of Courage {Int+3} (You found it on level 7 of the Dungeon)
  7820 | D:7      | Noticed Menkaure
  7826 | D:7      | Killed Menkaure
  7826 | D:7      | Reached skill level 13 in Maces & Flails
  8066 | D:7      | Found Moujammai's Food Boutique.
  8252 | D:8      | Found a shadowy altar of Dithmenos.
  8440 | D:8      | Found Mailain's Distillery.
  8446 | D:8      | Bought a potion of lignification for 48 gold pieces
  8446 | D:8      | Bought a potion of mutation for 40 gold pieces
  8522 | D:8      | Found a sparkling altar of Nemelex Xobeh.
  8610 | D:8      | Noticed Erolcha
  8617 | D:8      | Killed Erolcha
  8625 | D:8      | Found a deep blue altar of Sif Muna.
  8694 | D:8      | Reached skill level 5 in Dodging
  8709 | D:8      | Gained mutation: You cannot be stealthy. [Ru sacrifice]
  8709 | D:8      | Acquired Ru's fourth power
  8756 | D:8      | Reached skill level 14 in Maces & Flails
  8826 | D:8      | Reached skill level 5 in Armour
  8918 | D:8      | Noticed a hill giant
  8928 | D:8      | Killed a hill giant
  8928 | D:8      | Reached XP level 10. HP: 74/74 MP: 4/4
  8934 | D:8      | Got a scorched garnet amulet
  8935 | D:8      | Identified the amulet of Coronation {Spirit rPois Stlth+} (You found it on level 8 of the Dungeon)
 10038 | D:9      | Found a bloodstained altar of Trog.
 10043 | D:9      | Reached skill level 15 in Maces & Flails
 10172 | D:9      | Gained mutation: Your casting is slightly disrupted. [Ru sacrifice]
 10295 | D:10     | Entered Level 10 of the Dungeon
 10314 | D:10     | Noticed Fiveotanaka's ghost (experienced TrMo)
 10336 | D:10     | Killed Fiveotanaka's ghost
 10880 | D:10     | Found a staircase to the Lair.
 10967 | D:10     | Noticed a hill giant
 10973 | D:10     | Killed a hill giant
 10973 | D:10     | Reached XP level 11. HP: 71/80 MP: 4/4
 11295 | D:10     | Noticed a hill giant
 11302 | D:10     | Killed a hill giant
 11832 | D:11     | Gained mutation: You occasionally shout uncontrollably at your foes. [Ru sacrifice]
 11832 | D:11     | Acquired Ru's fifth power
 11865 | D:11     | Found a staircase to the Orcish Mines.
 12858 | Lair:1   | Entered Level 1 of the Lair of Beasts
 13051 | Lair:1   | Reached skill level 10 in Armour
 13158 | Lair:1   | Noticed edsrzf's ghost (powerful NaTm)
 13181 | Lair:1   | Killed edsrzf's ghost
 14158 | Lair:2   | Noticed Harold
 14169 | Lair:2   | Killed Harold
 14169 | Lair:2   | Reached skill level 5 in Fighting
 14169 | Lair:2   | Reached skill level 10 in Dodging
 14209 | Lair:2   | Reached skill level 16 in Maces & Flails
 14423 | Lair:2   | Noticed Nergalle
 14431 | Lair:2   | Killed Nergalle
 14431 | Lair:2   | Reached XP level 12. HP: 91/94 MP: 5/5
 15392 | Lair:3   | Noticed a six-headed hydra
 15522 | Lair:3   | Killed a six-headed hydra
 16217 | Lair:3   | Found a staircase to the Swamp.
 16414 | Lair:3   | You fall through a shaft for 3 floors!
 16498 | Lair:5   | Noticed a catoblepas
 16588 | Lair:6   | Gained mutation: Your magical capacity is low (-10% MP). [Ru sacrifice]
 16612 | Lair:6   | Noticed chequers' ghost (powerful OgBe)
 16647 | Lair:6   | HP: 3/97 [chequers' ghost (31)]
 16648 | Lair:6   | Demolished by chequers' ghost

Action                   |  1- 3 |  4- 6 |  7- 9 | 10-12 || total
-------------------------+-------+-------+-------+-------++-------
Melee: Dagger            |    11 |       |       |       ||    11
       Whip              |   101 |    49 |       |       ||   150
       Flail             |       |   111 |   378 |   386 ||   875
       Morningstar       |       |       |       |   381 ||   381
Invok: Sacrifice Artific |       |       |     1 |       ||     1
       Sacrifice Stealth |       |       |     1 |       ||     1
       Sacrifice Essence |       |       |       |     2 ||     2
       Sacrifice Purity  |       |       |       |     1 ||     1
       Reject Sacrifices |       |       |       |     1 ||     1
  Use: Potion            |       |     5 |       |     3 ||     8
       Scroll            |       |     3 |    10 |     4 ||    17
 Stab: Sleeping          |     4 |     1 |     2 |       ||     7
       Invisible         |       |       |       |     6 ||     6
       Confused          |       |       |       |     1 ||     1
       Distracted        |       |       |       |     3 ||     3
       Paralysed         |       |       |       |     1 ||     1
  Eat: Chunk             |     4 |     4 |    16 |    25 ||    49
       Pizza             |       |       |     1 |       ||     1
